Match 28810223
Unlisted

Match 28810223
End
Construct Infanterie Kompanie
Selects Luftwaffe Battlegroup
Selects Luftwaffe Pioneer Support
Fallschirmpioneer Squad Paradrop
Fallschirmpioneer Squad Paradrop
MG 42 Machine Gun Team
Fallschirmpioneer Squad Paradrop
Construct Luftwaffe Kompanie
Selects Stuka Strafing Run
Selects Fallschirmjäger Squad Paradrop
Fallschirmjäger Squad Paradrop
Jäger Squad
Support Elements
Flak 30 Anti-aircraft Gun Team
Marder III M Tank Destroyer
?
vietoes
Ruby
HulkSMASH
0
0

Comments sign in to comment!

No comments posted yet!